 Dungeon Crawl Stone Soup version 0.29-a0-375-g5102b3be25 (webtiles) character file.

Game seed: 15246905808553422760

56 Hubjo the Firebug (level 3, -2/20 HPs)
             Began as a Deep Elf Fire Elementalist on May 3, 2022.
             Was a Follower of Nemelex Xobeh.
             Slain by Crazy Yiuf
             ... wielding a +2 quarterstaff of chaos
              (4 damage)
             ... on level 2 of the Dungeon.
             The game lasted 00:02:16 (2291 turns).

Hubjo the Firebug (Deep Elf Fire Elementalist)      Turns: 2291, Time: 00:02:17

Health: -2/20      AC:  5    Str:  5    XL:     3   Next: 71%
Magic:  7/10       EV: 13    Int: 19    God:    Nemelex Xobeh [*.....]
Gold:   106        SH:  0    Dex: 17    Spells: 8/9 levels left

rFire   . . .      SeeInvis .   c - +0 dagger
rCold   . . .      Faith    .   (no shield)
rNeg    . . .      Spirit   .   a - +0 robe
rPois   .          Reflect  .   (no helmet)
rElec   .          Harm     .   (no cloak)
rCorr   .          Rampage  .   (no gloves)
Will    .....                   n - +2 pair of boots
Stlth   ++........              (no amulet)
HPRegen 0.06/turn               (no ring)
MPRegen 0.12/turn               (no ring)

@: weak-willed
A: no striking features
a: Renounce Religion, Draw Escape, Draw Destruction, Draw Summoning


You were on level 2 of the Dungeon.
You worshipped Nemelex Xobeh.
Nemelex Xobeh was aware of your devotion.
You visited 1 branch of the dungeon, and saw 2 of its levels.

You collected 106 gold pieces.

Inventory:

Hand Weapons
 c - a +0 dagger (weapon)
Armour
 a - a +0 robe (worn)
 n - a +2 pair of boots (worn)
Wands
 m - a wand of polymorph (8)
Scrolls
 d - a scroll of vulnerability
 h - 2 scrolls of identify
Potions
 b - a potion of magic
 e - a potion of heal wounds {unknown}
 f - 2 potions of attraction {unknown}
 g - a potion of invisibility {unknown}
 i - a potion of curing
 k - a potion of might {unknown}
 l - a potion of flight {unknown}


   Skills:
 * Level 1.6 Fighting
 - Level 2.4 Dodging
 + Level 3.2 Stealth
 + Level 3.6 Spellcasting
 - Level 1.1 Conjurations
 + Level 3.7 Fire Magic


You had 8 spell levels left.
You knew the following spells:

 Your Spells              Type           Power      Damage    Failure   Level
a - Foxfire               Conj/Fire      48%        2x1d6     5%          1

Your spell library contained the following spells:

 Spells                   Type           Power      Damage    Failure   Level
 Scorch                   Fire           34%        2d7       4%          2
 Conjure Flame            Conj/Fire      12%        6-21      16%         3
 Inner Flame              Hex/Fire       10%        N/A       21%         3
 Flame Wave               Conj/Fire      12%        2d6       47%         4


Dungeon Overview and Level Annotations

Branches:
Dungeon (2/15)

Altars:
Nemelex Xobeh

Annotations:
D:2 Crazy Yiuf


Message History

Found a mace.
Found a runed translucent door.
Could not explore, unopened runed door.
You open the door.
Crazy Yiuf shouts!
Crazy Yiuf is nearby!
As you read the scroll labelled TUKHUS LEBIL, it crumbles to dust.
It is a scroll of amnesia.
Okay, then.
As you read the scroll labelled JOJOAPE VYCID, it crumbles to dust.
Magic quickly surges around you.
It was a scroll of vulnerability.
As you read the scroll labelled JEASER DIAB, it crumbles to dust.
It is a scroll of identify.
i - 2 potions of curing Crazy Yiuf screams, "Action tea horse!"
Crazy Yiuf hits you but does no damage.
You closely miss Crazy Yiuf. Crazy Yiuf barely misses you.
Crazy Yiuf attacks as you move away!
Crazy Yiuf hits you with a +2 quarterstaff of chaos.
You feel your power leaking away. Crazy Yiuf attacks as you move away!
Crazy Yiuf hits you with a +2 quarterstaff of chaos!
Ouch! That really hurt!
* * * LOW HITPOINT WARNING * * *
You feel better. Crazy Yiuf completely misses you.
Unknown command.
Casting: Foxfire (safe; 5% risk of failure)
Confirm with . or Enter, or press ? or * to list all spells.
You conjure some foxfire!
Crazy Yiuf closely misses you.
Casting: Foxfire (safe; 5% risk of failure)
Confirm with . or Enter, or press ? or * to list all spells.
You conjure some foxfire!
The foxfire hits Crazy Yiuf.
Crazy Yiuf is lightly wounded.
The foxfire hits Crazy Yiuf but does no damage.
Crazy Yiuf is lightly wounded.
Crazy Yiuf hits you with a +2 quarterstaff of chaos!
Ouch! That really hurt!
* * * LOW HITPOINT WARNING * * *
Crazy Yiuf freezes you.
You die...
Your body disappears without a glow.

#.#......### ##.#
..#.....<..######.#####
.......###............#
.##....#..............#
###......###..........#
###.....## ######...###
...>..### #....#
###...# #v§..# #...#
♣@.♣.♣ ##### ♣gv.♣♣
♣♣.♣♣ ♣.♣♣
############## ♣♣.♣
.............# ♣.♣♣
############## ♣♣.♣ ##
#....# #'# .####....#
...


You could see Crazy Yiuf (weak-willed, ally target).

Vanquished Creatures
  2 adders (D:2)
  2 dart slugs
  A ball python (D:1)
  2 bats (D:1)
  6 endoplasms
  3 goblins
  3 hobgoblins (D:1)
  A kobold (D:1)
  5 quokkas (D:1)
  4 frilled lizards
  2 rats
31 creatures vanquished.

Vanquished Creatures (others)
  209 foxfires
209 creatures vanquished.

Grand Total: 240 creatures vanquished

Notes
Turn   | Place    | Note
-------+----------+-------------------------------------------
     0 | D:1      | Hubjo the Deep Elf Fire Elementalist began the quest for
                  | the Orb.
     0 | D:1      | Reached XP level 1. HP: 10/10 MP: 6/6
   404 | D:1      | Reached XP level 2. HP: 16/16 MP: 1/8
   762 | D:1      | Reached skill level 1 in Fighting
  1573 | D:2      | Reached XP level 3. HP: 20/20 MP: 5/9
  2132 | D:2      | Found a faded altar of an unknown god.
  2151 | D:2      | Prayed at the altar of an unknown god.
  2151 | D:2      | Became a worshipper of Nemelex Xobeh the Trickster
  2151 | D:2      | Reached * piety under Nemelex Xobeh
  2274 | D:2      | Found a runed translucent door.
  2275 | D:2      | Noticed Crazy Yiuf
  2291 | D:2      | Slain by Crazy Yiuf

Illustrated notes

Levels and vault maps discovered:
D:1:      lightli_arrival_quake, layout_basic
D:2:      layout_rooms, ebering_ecumenical_altar_abandoned,
          uniq_crazy_yiuf_cottage

Skill      XL: |  1  2 |
---------------+-------+-----
Fighting       | 1 |  1.6
Stealth        | 3 |  3.2
Dodging        | |  2.4
Spellcasting   | |  3.6
Conjurations   | |  1.1
Fire Magic     | |  3.7

Action                   || total
-------------------------++-------
Melee: Dagger            ||     2
 Cast: Foxfire           ||   126
  Use: Scroll            ||     3
       Potion            ||     1
Armor: Robe              ||     1
Dodge: Dodged            ||     8

Table legend: (Time is in decaauts)
 A = Elapsed time spent in this place.
 B = Non-inter-level travel time spent in this place.
 C = Inter-level travel time spent in this place.
 D = Time resting spent in this place.
 E = Time spent auto-exploring this place.
 F = Levels seen in this place.
 G = Mean time per level.
                   A        B        C        D        E       F      G
               +--------+--------+--------+--------+--------+-----+--------+
         Total |   2290 |   2287 |      3 |      0 |   2041 |   2 | 1145.0 |
       Dungeon |   2290 |   2287 |      3 |      0 |   2041 |   2 | 1145.0 |
               +--------+--------+--------+--------+--------+-----+--------+

Top non-repeatable levels by time:
     D:1: 1568 daAuts
     D:2: 721 daAuts
